 Dungeon Crawl Stone Soup version 0.24.1 (webtiles) character file.

Game seed: 3738856397261085580, levelgen mode: deterministic

931 Destapler the Insei (level 8, -5/54 HPs)
             Began as a Gnoll Transmuter on Mar 31, 2020.
             Was a Follower of Hepliaklqana.
             Slain by an orc warrior
             ... wielding a +0 mace of protection
              (21 damage)
             ... on level 3 of the Dungeon.
             The game lasted 00:27:25 (5153 turns).

Destapler the Insei (Gnoll Transmuter)              Turns: 5153, Time: 00:27:25

Health: -5/54      AC:  7    Str: 13    XL:     8   Next: 11%
Magic:  16/16      EV: 12    Int: 17    God:    Hepliaklqana [*.....]
Gold:   210        SH:  0    Dex: 16    Spells: 12/18 levels left

rFire    . . .     SeeInvis .   k - +0 spear
rCold    + . .     Gourm    .   (no shield)
rNeg     . . .     Faith    .   p - +0 scale mail (curse)
rPois    .         Spirit   .   (helmet restricted)
rElec    .         Reflect  .   j - +0 cloak
rCorr    .         Harm     .   (no gloves)
MR       .....                  (no boots)
Stlth    ++........             (no amulet)
HPRegen  0.18/turn              s - ring of wizardry
MPRegen  0.15/turn              (no ring)

@: no status effects
A: distributed training, reduced essence, fangs 1, horns 1, camouflage 1, cold
resistance 1, strong nose
a: Recall Ancestor, Ancestor Identity, Renounce Religion


You were on level 3 of the Dungeon.
You worshipped Hepliaklqana.
Hepliaklqana was aware of your devotion.
You were not hungry.

You visited 1 branch of the dungeon, and saw 5 of its levels.

You collected 210 gold pieces.

Inventory:

Hand Weapons
 c - a +0 dagger
 k - a +0 spear (weapon)
Missiles
 a - 60 arrows
 f - 9 poisoned darts (quivered)
Armour
 b - a +0 robe
 j - a +0 cloak (worn)
 p - a cursed +0 scale mail (worn)
Jewellery
 s - a ring of wizardry (left hand)
Wands
 r - a wand of acid (9)
 t - a wand of iceblast (2)
Scrolls
 e - a scroll of enchant weapon {unknown}
 g - 3 scrolls of identify {unknown}
 h - a scroll of enchant armour {unknown}
 i - 2 scrolls of teleportation {unknown}
 l - 2 scrolls of magic mapping {unknown}
 n - 4 scrolls of remove curse {unknown}
 o - a scroll of amnesia {unknown}
Potions
 m - 3 potions of curing
 q - a potion of brilliance
 u - a potion of lignification
 z - a potion of agility {unknown}
 A - a potion of heal wounds {unknown}
Comestibles
 d - 5 rations


   Skills:
 + Level 3.9 Fighting
 + Level 2.9 Short Blades
 + Level 2.9 Long Blades
 + Level 2.9 Axes
 + Level 2.9 Maces & Flails
 + Level 2.9 Polearms
 + Level 2.9 Staves
 + Level 2.9 Slings
 + Level 2.9 Bows
 + Level 2.9 Crossbows
 + Level 2.9 Throwing
 + Level 2.9 Armour
 + Level 5.4 Dodging
 + Level 2.9 Stealth
 + Level 2.9 Shields
 + Level 7.2 Unarmed Combat
 + Level 5.8 Spellcasting
 + Level 2.3 Conjurations
 + Level 2.3 Hexes
 + Level 2.3 Charms
 + Level 2.3 Summonings
 + Level 2.3 Necromancy
 + Level 2.3 Translocations
 + Level 4.5 Transmutations
 + Level 2.3 Fire Magic
 + Level 2.3 Ice Magic
 + Level 2.3 Air Magic
 + Level 2.3 Earth Magic
 + Level 2.3 Poison Magic
 + Level 3.2 Invocations
 + Level 2.9 Evocations


You had 12 spell levels left.
You knew the following spells:

 Your Spells              Type           Power        Failure   Level  Hunger
a - Beastly Appendage     Tmut           ###...       3%          1    None
s - Sticks to Snakes      Tmut           ###.....     6%          2    #......
S - Spider Form           Tmut/Pois      ###.......   16%         3    ##.....

Your spell library contained the following spells:

 Spells                   Type           Power        Failure   Level  Hunger
 Ice Form                 Ice/Tmut       ###.....     45%         4    ####...
 Blade Hands              Tmut           ###.......   65%         5    ######.


Dungeon Overview and Level Annotations

Branches:
Dungeon (5/15)
 Temple: D:4-7

Altars:
Ashenzari
Cheibriados
Hepliaklqana
Kikubaaqudgha
Ru
Xom
The Shining One

Shops:
D:4 :

Annotations:
D:5 Grinder


Innate Abilities, Weirdness & Mutations

Your experience applies equally to all skills.
You have very sharp teeth.
Your uncanny sense of smell can sniff out nearby items.
Your life essence is reduced to manifest your ancestor. (-10% HP)
You have a pair of small horns on your head.
Your skin changes colour to match your surroundings (Stealth+).
Your flesh is cold resistant. (rC+)


Message History

You hit the orc warrior.
The orc warrior is heavily wounded.
You barely miss the orc warrior. Your headbutt misses the orc warrior.
The orc warrior is heavily wounded.
The orc warrior hits you with a +0 mace of protection.
* * * LOW HITPOINT WARNING * * *
You closely miss the orc warrior. Your headbutt misses the orc warrior.
You bite the orc warrior, but do no damage.
The orc warrior is heavily wounded.
The orc warrior barely misses you.
You hit the orc warrior.
The orc warrior is severely wounded.
The orc warrior hits you with a +0 mace of protection!
* * * LOW HITPOINT WARNING * * *
You hit the orc warrior. You headbutt the orc warrior.
The orc warrior is almost dead.
You closely miss the orc warrior.
The orc warrior is almost dead.
The orc warrior hits you with a +0 mace of protection!!
You die...

######## #......# #......#
#......### #........#
#####....#
####....####################
#..'....'.o@................
####'##..).###############.####
#.....#....# #...# #.#
#.....#....# #...# #.#
#.....#[...######...######.#
#...>['.........'.......##.#
#.....#.#########...###..#.#
#######.################.#.#
#................#.#.# #


You could see an orc warrior.

Vanquished Creatures
  A phantom (D:5)
  2 scorpions (D:4)
  A bullfrog zombie (D:4)
  A centaur zombie (D:5)
  2 crimson imps
  2 hounds
  A jelly (D:3)
  Crazy Yiuf (D:3)
  A gnoll shaman (D:4)
  A bullfrog skeleton (D:2)
  A worker ant (D:3)
  2 gnolls
  4 adders
  2 oozes
  A dart slug (D:1)
  2 leopard geckos
  5 orcs
  A giant cockroach (D:2)
  3 goblins (D:2)
  6 hobgoblins
  3 quokkas
  2 ball pythons (D:1)
  6 bats
  7 frilled lizards
  4 kobolds
  A leopard gecko skeleton (D:4)
  9 rats
72 creatures vanquished.

Vanquished Creatures (collateral kills)
  An ice beast (D:5)
  A crimson imp (D:5)
  A hound (D:4)
  Ijyb (D:3)
  A worker ant (D:4)
  A hound skeleton (D:5)
  5 gnolls
  An adder (D:4)
  An adder skeleton (D:4)
  A dart slug (D:1)
  5 orcs (D:3)
  A giant cockroach (D:3)
  2 goblins
  2 kobolds (D:3)
  A ball python (D:1)
  2 bats (D:3)
27 creatures vanquished.

Vanquished Creatures (others)
  6 ancestors
6 creatures vanquished.

Grand Total: 105 creatures vanquished

Notes
Turn   | Place    | Note
-------+----------+-------------------------------------------
     0 | D:1      | Destapler the Gnoll Transmuter began the quest for the Orb.
     0 | D:1      | Reached XP level 1. HP: 17/17 MP: 6/6
   179 | D:1      | Reached XP level 2. HP: 23/23 MP: 5/7
   191 | D:1      | Learned a level 2 spell: Sticks to Snakes
   500 | D:2      | Reached skill level 5 in Spellcasting
   500 | D:2      | Reached XP level 3. HP: 22/28 MP: 6/9
   585 | D:2      | Found a shattered altar of Ashenzari.
   708 | D:2      | Reached skill level 1 in Invocations
   863 | D:2      | Reached skill level 1 in Short Blades
   863 | D:2      | Reached skill level 1 in Long Blades
   863 | D:2      | Reached skill level 1 in Axes
   863 | D:2      | Reached skill level 1 in Maces & Flails
   863 | D:2      | Reached skill level 1 in Polearms
   863 | D:2      | Reached skill level 1 in Staves
   863 | D:2      | Reached skill level 1 in Slings
   863 | D:2      | Reached skill level 1 in Bows
   863 | D:2      | Reached skill level 1 in Crossbows
   863 | D:2      | Reached skill level 1 in Throwing
   863 | D:2      | Reached skill level 1 in Armour
   863 | D:2      | Reached skill level 1 in Stealth
   863 | D:2      | Reached skill level 1 in Shields
   863 | D:2      | Reached skill level 1 in Evocations
   863 | D:2      | Reached XP level 4. HP: 20/34 MP: 11/11
  1029 | D:2      | Reached skill level 1 in Conjurations
  1029 | D:2      | Reached skill level 1 in Hexes
  1029 | D:2      | Reached skill level 1 in Charms
  1029 | D:2      | Reached skill level 1 in Summonings
  1029 | D:2      | Reached skill level 1 in Necromancy
  1029 | D:2      | Reached skill level 1 in Translocations
  1029 | D:2      | Reached skill level 1 in Fire Magic
  1029 | D:2      | Reached skill level 1 in Ice Magic
  1029 | D:2      | Reached skill level 1 in Air Magic
  1029 | D:2      | Reached skill level 1 in Earth Magic
  1029 | D:2      | Reached skill level 1 in Poison Magic
  1033 | D:2      | Gained mutation: You have a pair of large horns on your
                  | head. [potion of mutation]
  1033 | D:2      | Gained mutation: Your flesh is cold resistant. (rC+)
                  | [potion of mutation]
  1033 | D:2      | Gained mutation: Your skin changes colour to match your
                  | surroundings (Stealth+). [potion of mutation]
  1318 | D:2      | Found a hazy altar of Hepliaklqana.
  1323 | D:2      | Found a glowing golden altar of the Shining One.
  1323 | D:2      | Found a sacrificial altar of Ru.
  1339 | D:2      | Found a shimmering altar of Xom.
  1343 | D:2      | Found an ancient bone altar of Kikubaaqudgha.
  1366 | D:2      | Became a worshipper of Hepliaklqana the Forgotten
  1437 | D:3      | Noticed Ijyb
  1595 | D:3      | Reached XP level 5. HP: 23/36 MP: 12/12
  1853 | D:3      | Learned a level 3 spell: Spider Form
  2194 | D:3      | Killed Ijyb
  2301 | D:3      | Found a runed translucent door.
  2302 | D:3      | Noticed Crazy Yiuf
  2312 | D:3      | Killed Crazy Yiuf
  2607 | D:4      | Reached XP level 6. HP: 34/42 MP: 13/13
  2821 | D:4      | Found Tudghun's Book Shoppe.
  2829 | D:4      | Reached skill level 5 in Dodging
  3543 | D:4      | Reached XP level 7. HP: 46/46 MP: 15/15
  3715 | D:4      | Reached * piety under Hepliaklqana
  3801 | D:4      | Found a snail-covered altar of Cheibriados.
  3851 | D:4      | Reached skill level 7 in Unarmed Combat
  4029 | D:5      | Entered Level 5 of the Dungeon
  4048 | D:5      | Noticed Grinder
  4719 | D:4      | Reached XP level 8. HP: 54/54 MP: 16/16
  5153 | D:3      | Slain by an orc warrior

Levels and vault maps discovered:
D:1:      roderic_dead_forest, layout_basic
D:2:      layout_basic, minmay_overflow_temple_star_hex, ashenzari_altar_1
D:3:      layout_basic, first_ration, uniq_crazy_yiuf_cottage, uniq_ijyb
D:4:      layout_loops_corners, kennysheep_mini, serial_shops,
          nicolae_shop_waterfront
D:5:      layout_cave_pools, lemuel_doored_altar, uniq_grinder

Skill      XL: |  1  2  3  4  5  6  7 |
---------------+----------------------+-----
Spellcasting   | 5 |  5.8
Invocations    | 1 2 3 |  3.2
Short Blades   | 1 2 |  2.9
Long Blades    | 1 2 |  2.9
Axes           | 1 2 |  2.9
Maces & Flails | 1 2 |  2.9
Polearms       | 1 2 |  2.9
Staves         | 1 2 |  2.9
Slings         | 1 2 |  2.9
Bows           | 1 2 |  2.9
Crossbows      | 1 2 |  2.9
Throwing       | 1 2 |  2.9
Armour         | 1 2 |  2.9
Stealth        | 1 2 |  2.9
Shields        | 1 2 |  2.9
Evocations     | 1 2 |  2.9
Conjurations   | 1 2 |  2.3
Hexes          | 1 2 |  2.3
Charms         | 1 2 |  2.3
Summonings     | 1 2 |  2.3
Necromancy     | 1 2 |  2.3
Translocations | 1 2 |  2.3
Fire Magic     | 1 2 |  2.3
Ice Magic      | 1 2 |  2.3
Air Magic      | 1 2 |  2.3
Earth Magic    | 1 2 |  2.3
Poison Magic   | 1 2 |  2.3
Fighting       | 3 |  3.9
Transmutations | 4 |  4.5
Dodging        | 5 |  5.4
Unarmed Combat | 7 |  7.2

Action                   |  1- 3 |  4- 6 |  7- 9 || total
-------------------------+-------+-------+-------++-------
Melee: Dagger            |    96 |   145 |       ||   241
       Bite              |     7 |    20 |    12 ||    39
       Kick              |     7 |    13 |     1 ||    21
       Headbutt          |     3 |    19 |    25 ||    47
       Punch             |     2 |     5 |     2 ||     9
       Unarmed           |       |     6 |       ||     6
       Spear             |       |    23 |   141 ||   164
Throw: Dart              |       |     2 |       ||     2
 Cast: Beastly Appendage |     6 |     7 |     1 ||    14
       Sticks to Snakes  |     2 |     1 |       ||     3
       Spider Form       |       |     1 |       ||     1
Invok: Ancestor Identity |       |     1 |       ||     1
       Recall Ancestor   |       |       |     2 ||     2
Evoke: Wand              |       |     1 |       ||     1
  Use: Potion            |       |     5 |     2 ||     7
 Stab: Sleeping          |     3 |     9 |     2 ||    14
  Eat: Chunk             |       |     8 |     3 ||    11
       Ration            |       |       |     1 ||     1
Armor: Robe              |    29 |    17 |     8 ||    54
       Skin              |       |     8 |       ||     8
       Scale mail        |       |       |    33 ||    33
Dodge: Dodged            |    90 |   119 |    83 ||   292
